Cogmind - Beta 10.2 @@@ ROGUE MODE // 2021.01.10 @ 22:02:06 Player: Demise Result: Self-destructed Performance ------------- Evolutions (4) 2000 Regions Visited (9) 1800 Robots Destroyed (74) 370 Value Destroyed (1962) 1962 Prototype IDs (1) 20 Alien Tech Used (0) 0 Bonus (298) 298 TOTAL SCORE: 6450 Bonus ------- High Alert Combat Kills 98 Entered Garrisons 200 Cogmind --------- Core Integrity 850/850 Matter 300/300 Energy 240/240 System Corruption 0% Temperature Cool (0) Movement Treading (190) Ox1 Location -6/Factory Parts ------- > --- POWER (1) -------- Nuclear Core > --- PROPULSION (2) --- Armored Treads Armored Treads > --- UTILITY (10) ----- High-capacity Storage Unit Advanced Signal Interpreter Layered Light Armor Plating Layered Light Armor Plating Hacking Suite System Shield > --- WEAPON (2) ------- Datajack Heavy Flail > --- INVENTORY (12) --- Light Treads Medium Storage Unit Large Storage Unit High-capacity Matter Pod (200) Kinecellerator Improved Power Shielding Layered Light Armor Plating Long-range Tractor Beam Decoy Drone Bay (16/16) Shock Rifle Shock Bomb Launcher Peak State ------------ > --- POWER ------------ Light Nuclear Core > --- PROPULSION ------- Armored Treads Armored Treads > --- UTILITY ---------- Improved Heat Sink High-capacity Storage Unit Advanced Signal Interpreter Layered Light Armor Plating Layered Light Armor Plating Hacking Suite > --- WEAPON ----------- Particle Gun Mini Grenade Launcher > --- INVENTORY -------- Light Treads Medium Storage Unit Large Storage Unit High-capacity Matter Pod Kinecellerator Improved Power Shielding Layered Light Armor Plating Long-range Tractor Beam Decoy Drone Bay Datajack [Rating: 34] Favorites ----------- Power Ion Engine Engine Ion Engine Power Core Light Nuclear Core Propulsion Light Treads Treads Light Treads Utility High-capacity Storage Unit Device Improved Heat Sink Storage High-capacity Storage Unit Processor Advanced Signal Interpreter Hackware Hacking Suite Protection Layered Light Armor Plating Weapon Assault Rifle Energy Gun Particle Gun Ballistic Gun Assault Rifle Launcher Mini Grenade Launcher Special Weapon Mining Laser Impact Weapon Heavy Flail Special Melee Weapon Datajack Build | -11 -10 -10 -10 -9 -8 -8 -8 -8 -6 ------- Run | Scr Mat Min Exi Min Mat Sto Gar Rec Fac Slots Evolved 8 | . . . . . 4 . . . 4 Power . | . . . . . . . . . . Propulsion . | . . . . . . . . . . Utility 8 | . . . . . 4 . . . 4 Weapon . | . . . . . . . . . . Parts Attached 90 | 6 19 4 3 9 24 6 14 5 . Power 9 | 1 1 1 1 1 1 . 2 1 . Engine 5 | 1 1 1 1 . 1 . . . . Core 4 | . . . . 1 . . 2 1 . Reactor . | . . . . . . . . . . Propulsion 12 | 2 3 . . . 5 . 2 . . Treads 12 | 2 3 . . . 5 . 2 . . Leg . | . . . . . . . . . . Wheel . | . . . . . . . . . . Hover . | . . . . . . . . . . Flight . | . . . . . . . . . . Utility 29 | 1 7 . 1 . 12 3 3 2 . Device 5 | . . . . . 1 3 1 . . Storage 6 | 1 5 . . . . . . . . Processor 3 | . 1 . 1 . 1 . . . . Hackware 3 | . . . . . 1 . . 2 . Protection 12 | . 1 . . . 9 . 2 . . Artifact . | . . . . . . . . . . Weapon 40 | 2 8 3 1 8 6 3 7 2 . Energy Gun 5 | 1 1 . . . . . 3 . . Energy Cannon . | . . . . . . . . . . Ballistic Gun 22 | 1 5 1 1 6 5 3 . . . Ballistic Cannon . | . . . . . . . . . . Launcher 5 | . 1 . . 1 . . 3 . . Special Weapon 4 | . 1 2 . . 1 . . . . Impact Weapon 1 | . . . . . . . . 1 . Slashing Weapon . | . . . . . . . . . . Piercing Weapon . | . . . . . . . . . . Special Melee Weapon 3 | . . . . 1 . . 1 1 . Unidentified Prototypes 1 | . . . . . 1 . . . . Parts Lost 18 | . . . . 2 8 4 4 . . Power 1 | . . . . . 1 . . . . Propulsion 4 | . . . . . 2 . 2 . . Utility 4 | . . . . . 2 2 . . . Weapon 9 | . . . . 2 3 2 2 . . Highest Loss Streak 3 | . . . . 2 3 2 3 . . Average Slot Usage (%) 96 | . 96 100 100 100 91 86 95 99 . Engine 7 | . 14 14 14 8 6 9 1 . . Core 3 | . . . . 5 1 . 7 9 . Treads 22 | . 28 28 28 28 16 18 17 18 . Device 2 | . . . . . . 4 8 2 . Storage 15 | . 24 28 26 14 9 9 9 9 . Processor 6 | . . . 1 14 9 9 9 9 . Hackware 5 | . . . . . 6 9 9 15 . Protection 9 | . 1 . . . 24 17 17 18 . Energy Gun 2 | . 3 . . . . . 8 1 . Ballistic Gun 14 | . 23 27 28 27 17 10 . . . Launcher 1 | . . . . . . . 6 . . Impact Weapon 1 | . . . . . . . . 7 . Special Melee Weapon 1 | . . . . . . . . 8 . Naked Turns . | . . . . . . . . . . Heaviest Build 62 | 12 57 57 57 45 62 59 53 51 . Greatest Support 40 | 40 40 40 40 40 40 40 40 40 . Greatest Overweight (x) 3 | 3 1 1 1 1 2 1 2 1 . Average Overweight (x) . | . . 1 1 . 1 1 1 1 . Largest Inventory Capacity 18 | 6 18 18 18 12 12 12 12 12 . Average Capacity 12 | 5 10 18 17 12 12 12 12 12 . Most Carried 18 | 4 15 18 18 12 12 12 12 12 . Average Carried 11 | 1 9 16 17 11 11 10 11 12 . Final Capacity 18 | 6 18 18 12 12 12 12 12 12 12 Final Carried 18 | 4 15 18 12 10 12 10 12 12 12 Class Distribution -------------------- 82% | Mutant 14% | Commander-Mutant 3% | Scavenger-Mutant Dominant Class ---------------- Mutant | -10/Materials Mutant | -10/Mines Mutant | -10/Exiles Mutant | -9/Mines Mutant | -8/Materials Mutant | -8/Storage Mutant | -8/Garrison Commander-Mutant | -8/Recycling Commander-Mutant | -6/Factory Resources | -11 -10 -10 -10 -9 -8 -8 -8 -8 -6 ----------- Run | Scr Mat Min Exi Min Mat Sto Gar Rec Fac Matter Collected 2242 | 213 760 106 40 186 297 225 335 80 . Remotely . | . . . . . . . . . . Salvage Created 2286 | 87 776 222 . 147 355 241 458 . . Parts 125 | 7 38 10 . 13 19 8 30 . . Haulers Intercepted 3 | . 2 . . . 1 . . . . Recyclers Shooed 3 | . 3 . . . . . . . . Parts Field Recycled . | . . . . . . . . . . Retrieved Matter . | . . . . . . . . . . Parts Self-Destructed . | . . . . . . . . . . Prevented . | . . . . . . . . . . Kills | -11 -10 -10 -10 -9 -8 -8 -8 -8 -6 ------- Run | Scr Mat Min Exi Min Mat Sto Gar Rec Fac Combat Hostiles Destroyed 60 | . 15 5 . 7 6 5 22 . . Guns 36 | . 15 5 . 3 6 5 2 . . AOE 24 | . . . . 4 . . 20 . . Classes Destroyed 11 | 2 6 . . . 3 . . . . Worker 2 | . 1 . . 1 . . . . . Tunneler 2 | 2 . . . . . . . . . Hauler 3 | . 2 . . . 1 . . . . Recycler 2 | 1 1 . . . . . . . . Operator 2 | . 2 . . . . . . . . Watcher 3 | . 3 . . . . . . . . Swarmer 22 | . 6 . . 4 . 1 11 . . Grunt 28 | . 9 5 . 3 1 3 7 . . Duelist 2 | . . . . . 1 1 . . . Sentry 6 | . . . . . 3 . 3 . . Hunter 2 | . . . . . 1 . 1 . . Best Kill Streak 7 | 3 4 3 . 4 3 3 7 . . Combat Bots Only 7 | . 4 3 . 4 3 3 7 . . Max Kills in Single Turn 4 | 1 2 1 . 2 1 1 4 . . Gunslinging 1 | . 1 . . . . . . . . Exploded 4 | . . . . 2 . . 4 . . Melee . | . . . . . . . . . . Uniques/NPCs Destroyed . | . . . . . . . . . . Combat | -11 -10 -10 -10 -9 -8 -8 -8 -8 -6 -------- Run | Scr Mat Min Exi Min Mat Sto Gar Rec Fac Damage Taken 4371 | . 467 95 . 583 1471 790 924 41 . Core 700 | . 83 . . 145 290 33 122 27 . Absorbed by Shields 59 | . . . . . . . 59 . . Core Remaining (%) 40 | 100 . . . 8 . . . 14 . Volleys Fired 276 | 8 85 15 . 16 54 31 67 . . Largest 2 | 2 2 2 . 2 2 2 2 . . Hottest 130 | 60 100 100 . 40 100 43 130 . . Shots Fired 475 | 16 166 26 . 30 105 56 76 . . Gun 439 | 16 162 22 . 28 102 56 53 . . Cannon . | . . . . . . . . . . Launcher 26 | . 1 . . 2 . . 23 . . Special 10 | . 3 4 . . 3 . . . . Kinetic 344 | 8 122 22 . 28 102 56 6 . . Thermal 105 | 8 43 4 . . 3 . 47 . . Explosive 26 | . 1 . . 2 . . 23 . . Electromagnetic . | . . . . . . . . . . Robot Hit Streak 25 | 4 14 6 . 18 19 25 25 . . Robot Miss Streak 4 | 1 4 1 . 1 1 2 2 . . Penetration Max . | . . . . . . . . . . Secondary Targets 2 | . 1 . . . 1 . . . . Max Gunslinging Chain 1 | . 1 . . . 1 . . . . Shots Hit Robots 388 | 12 111 14 . 26 80 44 56 45 . Core Hits 150 | 3 37 8 . 13 24 17 48 . . Critical Hits 2 | . 1 1 . . . . . . . Critical Kills . | . . . . . . . . . . Critical Parts Destroyed 2 | . 1 1 . . . . . . . Melee Attacks 47 | . . . . 1 . . . 46 . Impact . | . . . . . . . . . . Slashing . | . . . . . . . . . . Piercing . | . . . . . . . . . . Sneak Attacks 37 | . . . . . . . . 37 . Combat Hostiles . | . . . . . . . . . . Follow-up Attacks . | . . . . . . . . . . Damage Inflicted 6093 | 111 1427 198 . 563 849 584 2352 9 . Guns 3996 | 111 1382 198 . 231 848 563 663 . . Cannons . | . . . . . . . . . . Explosions 2042 | . 21 . . 332 . . 1689 . . Melee . | . . . . . . . . . . Ramming 31 | . . . . . 1 21 . 9 . Kinetic 2928 | 77 966 198 . 231 848 563 45 . . Thermal 1092 | 34 440 . . . . . 618 . . Explosive 2042 | . 21 . . 332 . . 1689 . . Electromagnetic . | . . . . . . . . . . Impact . | . . . . . . . . . . Slashing . | . . . . . . . . . . Piercing . | . . . . . . . . . . Highest Corruption . | . . . . . . . . . . Average Corruption . | . . . . . . . . . . Corruption Purged . | . . . . . . . . . . Overload Shots . | . . . . . . . . . . Overflow Damage 65 | . . . . . . . 65 . . Projectiles . | . . . . . . . . . . Explosions 65 | . . . . . . . 65 . . Melee . | . . . . . . . . . . Knockbacks . | . . . . . . . . . . Impact . | . . . . . . . . . . Kinetic . | . . . . . . . . . . Secondary . | . . . . . . . . . . Self-Inflicted Damage 105 | . . . . 21 . . 84 . . Shots 5 | . . . . 1 . . 4 . . Rammed 7 | . 1 . . . 1 3 . 2 . Targets Rammed 7 | . 1 . . . 1 3 . 2 . Kicked . | . . . . . . . . . . Crushed . | . . . . . . . . . . Highest Temperature 290 | . 147 40 . 18 150 22 290 . . Average Temperature 35 | . 39 19 . 7 23 6 56 . . Received Heat Transfer 1542 | . 210 54 . 96 540 378 255 9 . Siege Activations . | . . . . . . . . . . Robots Corrupted . | . . . . . . . . . . Combat Hostiles . | . . . . . . . . . . Parts Fried . | . . . . . . . . . . Impact Corruptions . | . . . . . . . . . . Robots Melted . | . . . . . . . . . . Combat Hostiles . | . . . . . . . . . . Parts Melted 1 | . . . . . . . 1 . . Heat Transferred 2641 | 75 1123 . . . . . 1443 . . Parts Sabotaged . | . . . . . . . . . . Parts Stolen . | . . . . . . . . . . Parts Stripped . | . . . . . . . . . . Power Chain Reactions . | . . . . . . . . . . Missiles Intercepted . | . . . . . . . . . . Alert | -11 -10 -10 -10 -9 -8 -8 -8 -8 -6 ------- Run | Scr Mat Min Exi Min Mat Sto Gar Rec Fac Peak Influence 881 | 15 284 80 . 110 121 140 881 534 . Initial 953 | . 9 30 . . . 31 19 396 953 Average 213 | 6 115 33 . 64 56 52 474 425 . Maximum Alert Level 3 | . 1 . . . . . 3 2 . Low Security (%) 66 | 100 93 100 . 100 100 100 19 4 . Level 1 6 | . 6 . . . . . 11 20 . Level 2 22 | . . . . . . . 49 75 . Level 3 4 | . . . . . . . 19 . . Level 4 . | . . . . . . . . . . Level 5 . | . . . . . . . . . . High Security . | . . . . . . . . . . Max Security . | . . . . . . . . . . Squads Dispatched 5 | . 3 1 . . . 1 . . . Investigation 2 | . 1 1 . . . . . . . Extermination . | . . . . . . . . . . Reinforcement 2 | . 2 . . . . . . . . Assault . | . . . . . . . . . . Garrison 1 | . . . . . . 1 . . . Intercept . | . . . . . . . . . . Construction Impeded . | . . . . . . . . . . Haulers Reinforced . | . . . . . . . . . . Stealth | -11 -10 -10 -10 -9 -8 -8 -8 -8 -6 --------- Run | Scr Mat Min Exi Min Mat Sto Gar Rec Fac Distress Signals 3 | . 1 2 . . . . . . . Communications Jammed . | . . . . . . . . . . Distress Signals . | . . . . . . . . . . Times Spotted 120 | . 29 4 . 14 14 11 27 21 . Peak Tracking Total 9 | . 6 2 . 9 4 5 7 3 . Tactical Retreats 4 | . . . . 2 . . 2 . . Traps | -11 -10 -10 -10 -9 -8 -8 -8 -8 -6 ------- Run | Scr Mat Min Exi Min Mat Sto Gar Rec Fac Traps Triggered 16 | . 1 . . . 1 . 14 . . Indirectly . | . . . . . . . . . . Trap Hack Attempts . | . . . . . . . . . . Triggered . | . . . . . . . . . . Disarmed . | . . . . . . . . . . Reprogrammed . | . . . . . . . . . . Reused . | . . . . . . . . . . Traps Extracted . | . . . . . . . . . . Installed . | . . . . . . . . . . Triggered . | . . . . . . . . . . Machines | -11 -10 -10 -10 -9 -8 -8 -8 -8 -6 ---------- Run | Scr Mat Min Exi Min Mat Sto Gar Rec Fac Machines Disabled 3 | . . . . . . . . 3 . Max in Single Turn . | . . . . . . . . . . Machines Sabotaged . | . . . . . . . . . . Garrisons Compromised . | . . . . . . . . . . Overloaded Fab Kills . | . . . . . . . . . . Fab Network Shutdowns . | . . . . . . . . . . Hacking | -11 -10 -10 -10 -9 -8 -8 -8 -8 -6 --------- Run | Scr Mat Min Exi Min Mat Sto Gar Rec Fac Machines Accessed 28 | . 8 2 1 . 3 4 . 10 . Terminals 18 | . 6 1 . . 2 3 . 6 . Fabricators . | . . . . . . . . . . Repair Stations 1 | . 1 . . . . . . . . Recycling Units 5 | . 1 . . . . . . 4 . Scanalyzers 1 | . . . . . 1 . . . . Garrison Access 1 | . . . . . . 1 . . . Total Hacks 80 | . 24 6 1 . 9 8 . 32 . Successful 50 | . 15 3 1 . 8 6 . 17 . Failed 29 | . 8 3 . . 1 2 . 15 . Catastrophic 3 | . . 1 . . . . . 2 . Database Lockouts 1 | . 1 . . . . . . . . Manual 66 | . 22 5 . . 7 6 . 26 . Terminals 61 | . 20 5 . . 7 7 . 22 . Fabricators . | . . . . . . . . . . Repair Stations 2 | . 2 . . . . . . . . Recycling Units 12 | . 2 . . . . . . 10 . Scanalyzers 2 | . . . . . 2 . . . . Garrison Access 1 | . . . . . . 1 . . . Terminal Hacks 17 | . 6 3 1 . 2 1 . 4 . Record 1 | . . . 1 . . . . . . Part Schematic 4 | . 2 1 . . . . . 1 . Robot Analysis 4 | . 3 1 . . . . . . . Open Door 2 | . . 1 . . . 1 . . . Branch Access Points 2 | . 1 . . . 1 . . . . Terminal Index 1 | . . . . . 1 . . . . Alert Level 1 | . . . . . . . . 1 . Unreport Threat 2 | . . . . . . . . 2 . Fabricator Hacks . | . . . . . . . . . . Repair Station Hacks 2 | . 2 . . . . . . . . Scan Component 1 | . 1 . . . . . . . . Repair 1 | . 1 . . . . . . . . Recycling Unit Hacks 5 | . 1 . . . . . . 4 . Retrieve Components 5 | . 1 . . . . . . 4 . Scanalyzer 2 | . . . . . 2 . . . . Insert Component 1 | . . . . . 1 . . . . Analyze 1 | . . . . . 1 . . . . Garrison Access Hacks 1 | . . . . . . 1 . . . Unlock Access 1 | . . . . . . 1 . . . Unauthorized Hacks 23 | . 6 . . . 4 4 . 9 . Terminals 18 | . 5 . . . 4 4 . 5 . Track 2 | . . . . . 1 1 . . . Botnet 13 | . 4 . . . 2 2 . 5 . Disrupt 1 | . . . . . . 1 . . . Operators 2 | . 1 . . . 1 . . . . Fabricators . | . . . . . . . . . . Repair Stations . | . . . . . . . . . . Recycling Units 5 | . 1 . . . . . . 4 . Mask 5 | . 1 . . . . . . 4 . Scanalyzers . | . . . . . . . . . . Garrison Access . | . . . . . . . . . . Data Cores Recovered . | . . . . . . . . . . Used . | . . . . . . . . . . Hacking Detections 22 | . 8 1 . . 3 2 . 8 . Full Trace Events 5 | . . 1 . . . . . 4 . Feedback Events . | . . . . . . . . . . Feedback Blocked . | . . . . . . . . . . Robot Schematics Acquired . | . . . . . . . . . . Robots Built . | . . . . . . . . . . Matter . | . . . . . . . . . . Time . | . . . . . . . . . . Total Robot Build Rating . | . . . . . . . . . . Part Schematics Acquired 5 | . 2 1 . . 1 . . 1 . Parts Built . | . . . . . . . . . . Matter . | . . . . . . . . . . Time . | . . . . . . . . . . Total Part Build Rating . | . . . . . . . . . . Parts Repaired 1 | . 1 . . . . . . . . Time 26 | . 26 . . . . . . . . Parts Recycled . | . . . . . . . . . . Recycled Matter . | . . . . . . . . . . Retrieved Matter . | . . . . . . . . . . Retrieved Components 21 | . 10 . . . . . . 11 . Parts Scanalyzed 1 | . . . . . 1 . . . . Part Schematics Acquired 1 | . . . . . 1 . . . . Parts Damaged . | . . . . . . . . . . Bothacking | -11 -10 -10 -10 -9 -8 -8 -8 -8 -6 ------------ Run | Scr Mat Min Exi Min Mat Sto Gar Rec Fac Used RIF Installer . | . . . . . . . . . . Robots Hacked 3 | . . . . 1 . . . 2 . Non-combat 2 | . . . . . . . . 2 . Combat 1 | . . . . 1 . . . . . Robot Hacks Applied 4 | . . . . 1 . . . 3 . parse_system 2 | . . . . 1 . . . 1 . no_distress 1 | . . . . . . . . 1 . find_recycling 1 | . . . . . . . . 1 . Relay Couplers Released . | . . . . . . . . . . Robots Rewired 25 | . . . . . . . . 25 . Allies Hacked . | . . . . . . . . . . Hacks Repelled . | . . . . . . . . . . Allies | -11 -10 -10 -10 -9 -8 -8 -8 -8 -6 -------- Run | Scr Mat Min Exi Min Mat Sto Gar Rec Fac Total Allies 27 | . . 2 . . . . . 25 . Largest Group 18 | . . 2 2 . . . . 18 . Highest-Rated Group 216 | . . 41 41 . . . . 216 . Highest-Rated Ally 31 | . . 31 31 . . . . 21 . Total Orders 8 | . . . . . . 5 . 3 . STAY 1 | . . . . . . . . 1 . ROAM 2 | . . . . . . . . 2 . EXPLORE 4 | . . . . . . 4 . . . RETURN 1 | . . . . . . 1 . . . Ally Attacks 276 | . . . . . . . . 276 . Total Damage 2154 | . . . . . . . . 2154 . Kills 60 | . . . . . . . . 60 . Allies Corrupted 2 | . . . . . . 2 . . . Allies Melted . | . . . . . . . . . . Intel | -11 -10 -10 -10 -9 -8 -8 -8 -8 -6 ------- Run | Scr Mat Min Exi Min Mat Sto Gar Rec Fac Robot Analysis Total 4 | . 3 1 . . . . . . . Derelict Logs Recovered 2 | . . 1 . 1 . . . . . Drone Launches 5 | . . . . . . 5 . . . Drone Recoveries 1 | . . . . . . 1 . . . Exploration | -11 -10 -10 -10 -9 -8 -8 -8 -8 -6 ------------- Run | Scr Mat Min Exi Min Mat Sto Gar Rec Fac Turns Passed 8079 | 94 1483 1002 334 1067 729 466 1648 1256 . Spaces Moved 3729 | 38 674 526 181 596 276 115 765 558 . Core 10 | 10 . . . . . . . . . Treads 3719 | 28 674 526 181 596 276 115 765 558 . Legs . | . . . . . . . . . . Wheels . | . . . . . . . . . . Hover . | . . . . . . . . . . Flight . | . . . . . . . . . . Fastest Speed 50 | 50 160 180 180 160 160 190 190 190 . Average Speed 179 | 152 166 180 180 167 187 190 190 190 . Slowest Speed 210 | 200 180 180 180 180 200 190 210 190 . Overloaded Moves . | . . . . . . . . . . Propulsion Burnouts . | . . . . . . . . . . Robots Hopped . | . . . . . . . . . . Cave-ins Triggered . | . . . . . . . . . . Exploration Rate (%) 63 | 4 99 94 53 96 34 29 69 92 . Regions Visited 9 Branch Regions 5 Pre-discovered Areas 2 | . . 1 1 . . . . . . Known Exits Taken 6 | . 1 . 1 1 1 1 . 1 . Unknown Exits Taken 2 | 1 . 1 . . . . . . . Scrap Searched 4 | . . 1 . 3 . . . . . Spaces Dug 6 | . 1 2 . . 3 . . . . Terrain Destroyed 124 | . 8 3 . 17 3 . 93 . . Melee . | . . . . . . . . . . Projectile 7 | . 1 3 . . 3 . . . . AOE 117 | . 7 . . 17 . . 93 . . Terrain Rammed . | . . . . . . . . . . Walls Destroyed . | . . . . . . . . . . Machines Disabled . | . . . . . . . . . . Actions | -11 -10 -10 -10 -9 -8 -8 -8 -8 -6 --------- Run | Scr Mat Min Exi Min Mat Sto Gar Rec Fac Total 4583 | 55 862 546 192 640 389 308 882 709 . Wait 283 | . 56 1 1 14 16 148 1 46 . Move 3722 | 37 673 525 180 595 276 115 764 557 . Hop . | . . . . . . . . . . Pick Up 35 | 4 15 1 3 . 5 1 4 2 . Fast Attach 37 | 6 5 . 1 1 11 3 7 3 . Attach 16 | . 1 . . 3 4 3 5 . . Detach 9 | . 3 . . 1 2 . 3 . . Swap 37 | . 13 4 2 5 9 . 2 2 . Drop 41 | . 10 . 5 4 12 2 3 5 . Fire 276 | 8 85 15 . 16 54 31 67 . . Melee 47 | . . . . 1 . . . 46 . Ram . | . . . . . . . . . . Kick . | . . . . . . . . . . Crush 6 | . 1 . . . . 3 . 2 . Escape Stasis 26 | . . . . . . . 26 . . Rewire 46 | . . . . . . . . 46 . Trap . | . . . . . . . . . . Miscellaneous 2 | . . . . . . 2 . . . Route ------- -11/Scrapyard -10/Materials (discovered 5 exits: *Mat x3 / *Min x2) -10/Mines (discovered 3 exits: *Mat x2 / *Exi) -10/Exiles -9/Mines (discovered 2 exits: *Mat x2) -8/Materials (discovered 3 exits: Fac x2 / *Sto) -8/Storage -8/Garrison (discovered 3 exits: *Rec x3) -8/Recycling -6/Factory History --------- Turn | Location | Event 15 | -11/Scrapyard | Discovered new exit (range 15) 95 | -11/Scrapyard | Entered Materials 310 | -10/Materials | Build established: Mutant 725 | -10/Materials | Discovered new exit (range 11) 743 | -10/Materials | Identified exit to Materials 900 | -10/Materials | Discovered exit to Materials (range 15) 915 | -10/Materials | Identified exit to Mines 1147 | -10/Materials | Discovered exit to Materials (range 11) 1442 | -10/Materials | Repaired Assault Rifle 1538 | -10/Materials | Central database locked down 1578 | -10/Materials | Entered Mines 1668 | -10/Mines | Learned Materials stockpile data 1762 | -10/Mines | Discovered exit to Materials (range 6) 1938 | -10/Mines | Discovered exit to Materials (range 8) 1939 | -10/Mines | Learned location of Storage (-8) 2176 | -10/Mines | Deemed a non-threat by the Exiles lab entrance 2176 | -10/Mines | Discovered new exit (range 5) 2282 | -10/Mines | Excavation squad dispatched 2282 | -10/Mines | A large section of the Mines collapsed 2339 | -10/Mines | Found the Drone Emporium 2347 | -10/Mines | Found Prototype Device 2580 | -10/Mines | Entered Exiles 2580 | -10/Exiles | Accompanied by 2 allies 2610 | -10/Exiles | Led the pair of lost Derelicts to a safe place 2628 | -10/Exiles | Met 8R-AWN 2657 | -10/Exiles | Met EX-HEX 2753 | -10/Exiles | Met EX-DEC 2783 | -10/Exiles | Learned location of Zion (-6) 2852 | -10/Exiles | Discovered new exit (range 10) 2877 | -10/Exiles | Identified exit to Mines 2914 | -10/Exiles | Entered Mines 3053 | -9/Mines | Learned 4 Materials zone layouts 3173 | -9/Mines | Discovered new exit (range 5) 3205 | -9/Mines | Identified exit to Materials 3303 | -9/Mines | Discovered exit to Materials (range 8) 3338 | -9/Mines | Core integrity fell below 50% 3498 | -9/Mines | Assembled infested the area 3503 | -9/Mines | Assisted by a Guerilla fighting off Assembled 3721 | -9/Mines | Core integrity fell below 20% 3981 | -9/Mines | Entered Materials 3981 | -8/Materials | Evolved 4 slots: Utility x4 3982 | -8/Materials | Identified exit to Factory 4060 | -8/Materials | Identified Decoy Drone Bay 4195 | -8/Materials | Lost 3 parts (1n1u1w) 4592 | -8/Materials | Identified exit to Storage 4707 | -8/Materials | Core integrity fell below 50% 4710 | -8/Materials | Entered Storage 4740 | -8/Storage | Lost 3 parts (1u2w) 5118 | -8/Storage | Garrison activated, responded to threat 5176 | -8/Storage | Identified exit to Garrison 5176 | -8/Storage | Entered Garrison 5254 | -8/Garrison | Lost 3 parts (2n1w) 5328 | -8/Garrison | Triggered checkpoint 5663 | -8/Garrison | Triggered checkpoint 5672 | -8/Garrison | Core integrity fell below 20% 5713 | -8/Garrison | Destroyed 7 combat bots 6015 | -8/Garrison | Triggered checkpoint 6025 | -8/Garrison | Discovered new exit (range 12) 6392 | -8/Garrison | Identified exit to Recycling 6572 | -8/Garrison | Triggered checkpoint 6575 | -8/Garrison | Discovered exit to Recycling (range 14) 6722 | -8/Garrison | Triggered checkpoint 6799 | -8/Garrison | Discovered exit to Recycling (range 14) 6824 | -8/Garrison | Entered Recycling 6894 | -8/Recycling | Spotter reported a threat 6902 | -8/Recycling | Spotter reported a threat 6908 | -8/Recycling | Spotter reported a threat 6925 | -8/Recycling | Spotter reported a threat 6926 | -8/Recycling | Spotter reported a threat 6935 | -8/Recycling | Spotter reported a threat 6941 | -8/Recycling | Spotter reported a threat 6964 | -8/Recycling | Spotter reported a threat 6977 | -8/Recycling | Spotter reported a threat 6983 | -8/Recycling | Spotter reported a threat 6994 | -8/Recycling | Spotter reported a threat 7014 | -8/Recycling | Spotter reported a threat 7017 | -8/Recycling | Spotter reported a threat 7030 | -8/Recycling | Spotter reported a threat 7047 | -8/Recycling | Spotter reported a threat 7051 | -8/Recycling | Spotter reported a threat 7070 | -8/Recycling | Spotter reported a threat 7083 | -8/Recycling | Spotter reported a threat 7119 | -8/Recycling | Spotter reported a threat 7126 | -8/Recycling | Spotter reported a threat 7150 | -8/Recycling | Spotter reported a threat 7150 | -8/Recycling | Spotter reported a threat 7198 | -8/Recycling | Spotter reported a threat 7201 | -8/Recycling | Spotter reported a threat 7201 | -8/Recycling | Spotter reported a threat 7203 | -8/Recycling | Spotter reported a threat 7210 | -8/Recycling | Build established: Commander-Mutant 7213 | -8/Recycling | Discovered new exit (range 15) 7243 | -8/Recycling | Spotter reported a threat 7243 | -8/Recycling | Spotter reported a threat 7254 | -8/Recycling | Spotter reported a threat 7258 | -8/Recycling | Spotter reported a threat 7294 | -8/Recycling | Spotter reported a threat 7294 | -8/Recycling | Spotter reported a threat 7296 | -8/Recycling | Spotter reported a threat 7311 | -8/Recycling | Spotter reported a threat 7345 | -8/Recycling | Spotter reported a threat 7345 | -8/Recycling | Spotter reported a threat 7364 | -8/Recycling | Spotter reported a threat 7399 | -8/Recycling | Spotter reported a threat 7399 | -8/Recycling | Spotter reported a threat 7399 | -8/Recycling | Spotter reported a threat 7417 | -8/Recycling | Spotter reported a threat 7453 | -8/Recycling | Spotter reported a threat 7453 | -8/Recycling | Spotter reported a threat 7453 | -8/Recycling | Spotter reported a threat 7454 | -8/Recycling | Spotter reported a threat 7498 | -8/Recycling | Spotter reported a threat 7505 | -8/Recycling | Spotter reported a threat 7505 | -8/Recycling | Spotter reported a threat 7558 | -8/Recycling | Spotter reported a threat 7558 | -8/Recycling | Spotter reported a threat 7558 | -8/Recycling | Spotter reported a threat 7560 | -8/Recycling | Spotter reported a threat 7611 | -8/Recycling | Spotter reported a threat 7611 | -8/Recycling | Spotter reported a threat 7613 | -8/Recycling | Spotter reported a threat 7664 | -8/Recycling | Spotter reported a threat 7667 | -8/Recycling | Spotter reported a threat 7699 | -8/Recycling | Spotter reported a threat 7717 | -8/Recycling | Spotter reported a threat 7720 | -8/Recycling | Spotter reported a threat 7729 | -8/Recycling | Spotter reported a threat 7729 | -8/Recycling | Spotter reported a threat 7770 | -8/Recycling | Spotter reported a threat 7773 | -8/Recycling | Spotter reported a threat 7823 | -8/Recycling | Spotter reported a threat 7826 | -8/Recycling | Spotter reported a threat 7829 | -8/Recycling | Spotter reported a threat 7830 | -8/Recycling | Spotter reported a threat 7872 | -8/Recycling | Spotter reported a threat 7882 | -8/Recycling | Spotter reported a threat 7883 | -8/Recycling | Spotter reported a threat 7924 | -8/Recycling | Spotter reported a threat 7925 | -8/Recycling | Spotter reported a threat 7964 | -8/Recycling | Spotter reported a threat 7977 | -8/Recycling | Spotter reported a threat 7983 | -8/Recycling | Spotter reported a threat 8008 | -8/Recycling | Spotter reported a threat 8008 | -8/Recycling | Spotter reported a threat 8020 | -8/Recycling | Identified exit to Factory 8030 | -8/Recycling | Spotter reported a threat 8036 | -8/Recycling | Spotter reported a threat 8059 | -8/Recycling | Spotter reported a threat 8080 | -8/Recycling | Entered Factory 8080 | -6/Factory | Accompanied by 5 allies 8080 | -6/Factory | Evolved 4 slots: Utility x4 8080 | -6/Factory | Self-destructed Last Messages --------------- 08019_ R-06 Scavenger suffers critical hit. 08019_ R-06 Scavenger destroyed. 08020_ EXIT=IDENTIFIED: FACTORY 08022_ Connecting with Terminal... >>Alert(Purge) Purged threat record, alert level lowered. >>Alert(Purge) Purged threat record, alert level lowered. 08030_ ALERT: Unidentified potential threat approaching Factory. 08058_ ALERT: Threat analysis in progress, dispatching additional drones. 08058_ N-01 Spotter is scanning... 08059_ Slug penetrates Wall. 08059_ Slug penetrates Transporter 3a. 08059_ N-01 Spotter destroyed. 08059_ N-01 Spotter sends a signal. 08059_ ALERT: Unidentified potential threat approaching Factory. 08060_ N-01 Spotter destroyed. PARAMETERS=UTILITY_4 LOCATION=FACTORY GOAL=ESCAPE Map ----- +----------------------------------------------------+ | ??????????????????????????????????????????????? | | ??????????????????????????????????????????????? | | ??????????????????????????????????????????????? | | ??????????????????????????????????????????????? | | ??????????????????????????????????????????????? | | ??????????????????????????????????????????????? | | ??????????????????????????????????????????????? | | ??????????????????????????????????????????????? | | ??????????????????????????????????????????????? | | ??????????????????????????????????????????????? | | ??????????????????????????????????????????????? | | ??????????????????????????????????????????????? | | ??????????????????????????????????????????????? | | ??????????????????????????????????????????????? | | ??????????????????????????????????????????????? | | ??????????????????????????????????????????????? | | ??????????????????????????????????????????????? | | ??????????????????????????????????????????????? | | ??????????????????????????????????????????????? | | ??????????????????????????????????????????????? | | ??????????????????????????????????#???????????? | | ??????????????????????????????? ##+?????????? | | ???????????????????####+##### ?????????? | | ???????????????????# ????????? | | ???????????????????# t ????????? | | ???????????????????# a@g ????????? | | ???????????????????# sg ????????? | | ???????????????????# ????????? | | ???????????????????########## ?????????? | | ??????????????????????????????? ?????????? | | ?????????????????????????????????? ??????????? | | ??????????????????????????????????????????????? | | ??????????????????????????????????????????????? | | ??????????????????????????????????????????????? | | ??????????????????????????????????????????????? | | ??????????????????????????????????????????????? | | ??????????????????????????????????????????????? | | ??????????????????????????????????????????????? | | ??????????????????????????????????????????????? | | ??????????????????????????????????????????????? | | ??????????????????????????????????????????????? | | ??????????????????????????????????????????????? | | ??????????????????????????????????????????????? | | ??????????????????????????????????????????????? | | ??????????????????????????????????????????????? | | ??????????????????????????????????????????????? | | ??????????????????????????????????????????????? | | ??????????????????????????????????????????????? | | ??????????????????????????????????????????????? | | ??????????????????????????????????????????????? | +----------------------------------------------------+ Best States ------------- Heat Dissipation 45 Energy Generation 18 Energy Capacity 310 Matter Stores 300 Matter Capacity 300 Sight Range 16 Terrain Scan Density 10 Armor Coverage 300 Power Shielding 66 Propulsion Shielding 33 Evasion (%) 40 Recoil Reduction 2 Offensive Hacking 10 Defensive Hacking 10 Item Schematics ----------------- Hcp. Storage Unit | -10/Materials | Hacked Lrg. Storage Unit | -10/Materials | Hacked Med. Storage Unit | -10/Mines | Hacked Hcp. Matter Pod | -8/Materials | Scanalyzed Hacking Suite | -8/Recycling | Hacked Robot Schematics ------------------ None Fabricated ------------ Nothing Alien Tech Used ----------------- None Achievements -------------- None Challenges ------------ None Game ------ Seed AutogunMeleeDeconstructor Manual? 0 Play Time 00:44:47 Cumulative 192.1 hours Start 2021.01.10 @ 18:50:47 End 2021.01.10 @ 22:02:06 Sessions 3 Manual Loads 0 Difficulty Rogue Special Mode None Game No. 179 Rogue 179 Adventurer 0 Explorer 0 Win Type - Total 0 Types 0/0/0/0/0/0/0/0/0 Lore% 59 Gallery% 68 Achievement% 54 Wizard Run 0 Options --------- ASCII 0 Keyboard 1 Movement Numpad Keybinds 0 Fullscreen 1 Font 12/Terminus Map View 83x54 Tactical HUD 1 Map Filters NONE Filters NONE Steam 1 RUN: 5ab7510e-7cf9-4da4-af12-54cb0fa169d8